 Dungeon Crawl Stone Soup version 0.30.0 (webtiles) character file.

Game seed: 9539569040014960355

61780 Brutalitops the Slicer (level 14, 0/111 HPs)
             Began as a Vampire Gladiator on May 6, 2023.
             Was the Champion of Okawaru.
             Slain by a sixfirhy (2 damage)
             ... summoned by an orc high priest
             ... on level 2 of the Orcish Mines.
             The game lasted 01:42:05 (19594 turns).

Brutalitops the Slicer (Vampire Gladiator)         Turns: 19594, Time: 01:42:06

Health: 0/111      AC: 18    Str: 22    XL:     14   Next: 61%
Magic:  0/23       EV: 20    Int: 10    God:    Okawaru [******]
Gold:   2140       SH:  0    Dex: 26    Spells: 13/13 levels left

rFire   + + .        V - +5 great sword of Free Expression {heavy, Str+3 Dex+2 Stlth+}
rCold   + + .        (shield currently unavailable)
rNeg    . . .        D - +2 ring mail {rF+}
rPois   .            P - +2 helmet
rElec   .            N - scarf {rC+ rF+}
rCorr   .            Q - +0 pair of gloves of Giel {rC+ Regen+ MP+9 Int-2 Dex+5}
SInv    +            (no boots)
Will    +....        h - amulet of guardian spirit
Stlth   ++++         n - +6 ring of strength
HPRegen 1.38/turn    w - +4 ring of protection
MPRegen 0.18/turn

%: guardian spirit
@: healing quickly
A: alive, fangs 3, see invisible, vampiric 2
a: Exsanguinate, Renounce Religion, Heroism, Finesse, Duel


You were on level 2 of the Orcish Mines.
You worshipped Okawaru.
Okawaru was exalted by your worship.
You visited 4 branches of the dungeon, and saw 17 of its levels.
You also visited: Bailey.

You collected 2274 gold pieces.
You spent 134 gold pieces at shops.

Inventory:

Hand Weapons
 a - a +4 vampiric rapier
 g - a +1 rapier of draining
 G - a +2 triple crossbow of draining
 V - the +5 great sword of Free Expression (weapon) {heavy, Str+3 Dex+2 Stlth+}
   (Okawaru gifted it to you on level 5 of the Lair of Beasts)

   Str:       It affects your strength (+3).
   Dex:       It affects your dexterity (+2).
   Stlth:     It makes you more stealthy.
 Y - the +3 shortbow "Z" {drain, *Slow rF+ rCorr Dex+2}
   (You found it on level 5 of the Lair of Beasts)

   Dex:       It affects your dexterity (+2).
   rF:        It protects you from fire.
   rCorr:     It protects you from acid and corrosion.
   *Slow:     It may slow you when you take damage.
Armour
 e - the +2 ratskin cloak {*Rats rPois rN+ Str-1 Int-1 Dex+1}
   (You found it on level 9 of the Dungeon)

   *Rats:     When the wearer is hurt, rats may emerge from it to assist them.
   Str:       It affects your strength (-1).
   Int:       It affects your intelligence (-1).
   Dex:       It affects your dexterity (+1).
   rPois:     It protects you from poison.
   rN:        It protects you from negative energy.
 k - a +0 buckler
 t - the +3 ring mail of the Desert {rN+}
   (You found it on level 3 of the Dungeon)

   rN:        It protects you from negative energy.
 v - a scarf of shadows
 D - a +2 ring mail of fire resistance (worn)
 F - a +3 chain mail of poison resistance
 N - a scarf of resistance (worn)
 P - a +2 helmet (worn)
 Q - the +0 pair of gloves of Giel (worn) {rC+ Regen+ MP+9 Int-2 Dex+5}
   (Okawaru gifted it to you on level 3 of the Lair of Beasts)

   Int:       It affects your intelligence (-2).
   Dex:       It affects your dexterity (+5).
   rC:        It protects you from cold.
   MP:        It affects your magic capacity (+9).
   Regen:     It increases your rate of health regeneration.
Jewellery
 h - an amulet of guardian spirit (around neck)
 n - a +6 ring of strength (left hand)
 o - a ring of fire
 w - a +4 ring of protection (right hand)
 y - a ring of fire
 A - a ring of positive energy
 O - a +6 ring of strength
 S - a ring of protection from cold
 Z - a +6 ring of intelligence
Wands
 j - a wand of polymorph (3)
 m - a wand of digging (1)
 s - a wand of paralysis (39)
 z - a wand of flame (26)
 E - a wand of roots (19)
 J - a wand of light (7)
Scrolls
 b - 3 scrolls of amnesia
 d - a scroll of identify
 f - a scroll of magic mapping
 p - a scroll of fog
 C - 2 scrolls of silence
 I - a scroll of blinking
 L - 2 scrolls of fear
 W - 2 scrolls of teleportation
Potions
 c - 2 potions of mutation {unknown}
 i - 5 potions of lignification
 l - a potion of ambrosia
 q - 5 potions of curing
 r - a potion of magic
 u - 3 potions of attraction
 x - 3 potions of cancellation
 B - a potion of flight
 K - a potion of berserk rage
 R - a potion of might
 T - 4 potions of heal wounds
 U - a potion of resistance {unknown}
 X - a potion of invisibility {unknown}


   Skills:
 + Level 10.6 Fighting
 + Level 14.8(16.1) Short Blades
 + Level 9.6(12.9) Long Blades
 + Level 1.8 Throwing
 + Level 9.8 Armour
 + Level 10.6 Dodging
 + Level 6.1 Stealth
 + Level 7.6 Shields
 + Level 0.1 Evocations


You had 13 spell levels left.
You didn't know any spells.
Your spell library contained the following spells:

 Spells                   Type           Power      Damage    Failure   Level
 Kiss of Death            Conj/Necr      0%         2d5       50%         1
 Lesser Beckoning         Tloc           0%         N/A       63%         2
 Static Discharge         Conj/Air       0%         2-2/arc   63%         2
 Confusing Touch          Hex            0%         N/A       86%         3
 Gell's Gravitas          Tloc           0%         N/A       86%         3
 Portal Projectile        Hex/Tloc       0%         N/A       86%         3
 Teleport Other           Tloc           0%         N/A       86%         3
 Airstrike                Air            0%         2d(0-16)  99%         4
 Cause Fear               Hex            0%         N/A       99%         4
 Dispel Undead            Necr           0%         3d6       99%         4
 Blade Hands              Tmut           0%         N/A       100%        5
 Dragon Form              Tmut           0%         N/A       100%        7
 Tukima's Dance           Hex            Unusable   N/A       N/A         3
 Summon Lightning Spire   Summ/Air       Unusable   N/A       N/A         4
 Dragon's Call            Summ           Unusable   N/A       N/A         9

Dungeon Overview and Level Annotations

Branches:
Dungeon (9/15)             Temple (1/1) D:4            Lair (5/5) D:8
 Shoals (0/4) Lair:2        Snake (0/4) Lair:2        Slime (0/5) Lair:5
    Orc (2/2) D:9             Elf (0/3) Orc:2        Bailey (visited)

Altars:
Cheibriados
Dithmenos
Makhleb
Okawaru
Qazlal
Sif Muna
Trog
Uskayaw
Xom
Yredelemnul
Jiyva

Shops:
D:2 *   D:3 ?   D:5 [   Orc:1 *   Orc:2 *

Annotations:
Lair:2 3 runed translucent doors, Zapai's ghost, journeyman DgAr


Innate Abilities, Weirdness & Mutations

Your natural rate of healing is accelerated.
You have razor-sharp teeth.
You have supernaturally acute eyesight. (SInv)
You are afflicted with vampirism and can become a bat while bloodless.


Message History

The sixfirhy completely misses you. The sixfirhy misses you.
You closely miss the orc priest. You bite the orc priest.
The orc priest is heavily wounded.
The sixfirhy hits you. The sixfirhy shocks you! The sixfirhy barely misses you.
The orc priest hits you but does no damage.
An orc knight comes into view. It is wielding a +0 battleaxe.
An orc high priest comes into view. It is wielding a +2 heavy hand axe.
The sun demon hits you but does no damage.
You slice the orc priest like a ripe choko!!!
You kill the orc priest!
Okawaru accepts your kill.
The sixfirhy hits you but does no damage.
The sun demon completely misses you.
The orc high priest calls down the wrath of Beogh upon you.
Beogh smites you! The orc warrior completely misses you.
The ynoxinul misses you. The sixfirhy hits you! The sixfirhy shocks you!
You slice the orc warrior like a ripe choko!!!
You kill the orc warrior!
Okawaru accepts your kill. The sixfirhy hits you. The sixfirhy shocks you!
The sixfirhy misses you.
The sixfirhy hits you but does no damage.
The sixfirhy hits you. The sixfirhy shocks you!
* * * LOW HITPOINT WARNING * * *
The sun demon misses you. The sixfirhy hits you.
* * * LOW HITPOINT WARNING * * *
The sixfirhy shocks you!
* * * LOW HITPOINT WARNING * * *
The ynoxinul hits you.
* * * LOW HITPOINT WARNING * * *
The sun demon hits you but does no damage.
The sixfirhy completely misses you.
The orc knight roars a battlecry!
The orc high priests go into a battle-frenzy!
The orc high priest invokes the aid of Beogh against you.
Beogh smites you!
* * * LOW HITPOINT WARNING * * *
The ynoxinul completely misses you.
You hear a shout!
The sixfirhy attacks as you move away! The sixfirhy hits you.
You die...

.................................
......................)..........
.................)...............
............)....................
............)))..................
.................................
.................................
...............).................
..............o3@...........^....
...............33................
................#################
...............)#
................#
..............oo#
................#
................#
................#


You could see an orc knight, 2 orc high priests, a sun demon (summoned), a
sixfirhy (summoned) and a ynoxinul (summoned).

Vanquished Creatures
  Gastronok (Lair:3)
  An orc warlord (Orc:1)
  6 hydras
  A catoblepas (Lair:5)
  A boulder beetle (Lair:1)
  A two-headed ogre (Lair:3)
  7 death yaks
  2 skysharks
  A lindwurm (Lair:5)
  2 orc knights (Orc:2)
  6 orc sorcerers
  6 elephants
  3 black mambas
  9 torpor snails
  15 cane toads
  Maggie (D:9)
  5 rime drakes
  5 komodo dragons
  2 trolls
  13 polar bears
  A hornet (D:9)
  7 raiju (Lair:5)
  8 dream sheep (Lair:5)
  11 blink frogs
  4 slime creatures (D:9)
  4 wyverns
  29 yaks
  A wraith (D:9)
  7 basilisks
  Eustachio (D:6)
  3 nagas (Lair:2)
  9 wargs
  A steam dragon (Lair:4)
  2 acid dragons (Lair:4)
  15 water moccasins
  8 hell hounds (Lair:5)
  Duvessa (D:6)
  27 orc warriors
  A sky beast (D:7)
  2 ice beasts
  16 black bears
  6 ogres
  57 wolves
  2 phantoms
  3 centaurs
  A gnoll sergeant (D:8)
  7 kobold brigands (Bailey)
  17 bullfrogs
  3 scorpions
  6 wights (D:7)
  Dowan (D:6)
  9 killer bees
  A howler monkey (D:8)
  4 hounds
  A gnoll bouda (D:6)
  17 orc priests
  3 jellies
  2 sleepcaps
  4 iguanas
  Ijyb (D:4)
  A hell rat (Lair:5)
  18 orc wizards
  12 gnolls
  6 adders
  A shadow imp (D:6)
  A white imp (D:6)
  5 worms
  4 dart slugs
  66 orcs
  5 endoplasms
  4 giant cockroaches (D:3)
  6 goblins
  5 hobgoblins
  4 jackals
  17 kobolds
  3 quokkas
  6 ball pythons
  3 bats
  2 frilled lizards
  2 rats
  2 butterflies (D:3)
564 creatures vanquished.

Vanquished Creatures (others)
  51 fungi
  81 plants
132 creatures vanquished.

Grand Total: 696 creatures vanquished

Notes
Turn   | Place    | Note
-------+----------+-------------------------------------------
     0 | D:1      | Brutalitops the Vampire Gladiator began the quest for the
                  | Orb.
     0 | D:1      | Reached XP level 1. HP: 16/16 MP: 1/1
   140 | D:1      | Reached XP level 2. HP: 20/22 MP: 2/2
   800 | D:2      | Gained mutation: You are afflicted with vampirism and can
                  | become a bat while bloodless. [Vampire growth]
   800 | D:2      | Reached XP level 3. HP: 18/27 MP: 3/3
   850 | D:2      | Reached skill level 4 in Short Blades
  1151 | D:2      | Found Nonexera's Assorted Antiques.
  1725 | D:3      | Reached XP level 4. HP: 33/33 MP: 2/4
  1776 | D:3      | You fall into a shaft and drop 2 floors!
  1776 | D:5      | Entered Level 5 of the Dungeon
  1776 | D:5      | Found Velomyk's Armour Emporium.
  1831 | D:4      | Reached skill level 5 in Short Blades
  1847 | D:4      | Noticed Ijyb
  1893 | D:4      | Killed Ijyb
  1894 | D:4      | Reached XP level 5. HP: 39/39 MP: 5/5
  1962 | D:3      | Noticed Terence
  1975 | D:3      | Terence changed into Terence the giant cockroach
  1975 | D:3      | Noticed Terence
  1981 | D:3      | Killed Terence the giant cockroach
  2012 | D:3      | Found a shimmering altar of Xom.
  2239 | D:3      | Found a bloodstained altar of Trog.
  2391 | D:3      | Identified the +3 ring mail of the Desert {rN+}
  2529 | D:3      | Found Waunnasu's Magic Scroll Emporium.
  2532 | D:3      | Bought a scroll of identify for 24 gold pieces
  2801 | D:4      | Reached skill level 1 in Armour
  2858 | D:4      | Noticed a phantom
  3133 | D:4      | Found a staircase to the Ecumenical Temple.
  3165 | Temple   | Entered the Ecumenical Temple
  3181 | Temple   | Became a worshipper of Warmaster Okawaru
  3357 | D:4      | Killed a phantom
  3358 | D:4      | Reached XP level 6. HP: 42/46 MP: 3/6
  3502 | D:2      | Bought a glowing granite ring for 110 gold pieces
  3915 | D:5      | Reached skill level 6 in Short Blades
  4121 | D:5      | Noticed an ice beast
  4147 | D:5      | Killed an ice beast
  4148 | D:5      | Reached skill level 1 in Stealth
  4148 | D:5      | Reached XP level 7. HP: 41/52 MP: 7/7
  4295 | D:5      | Reached * piety under Okawaru
  4296 | D:5      | Reached skill level 7 in Short Blades
  4375 | D:5      | Reached skill level 1 in Shields
  4745 | D:5      | Reached skill level 5 in Dodging
  4755 | D:5      | Reached XP level 8. HP: 47/58 MP: 6/8
  4784 | D:5      | Reached ** piety under Okawaru
  4785 | D:5      | Reached skill level 8 in Short Blades
  5113 | D:6      | Noticed Dowan
  5121 | D:6      | Noticed Duvessa
  5161 | D:6      | Killed Duvessa
  5184 | D:6      | Killed Dowan
  5717 | D:6      | Noticed Eustachio
  5951 | D:6      | Killed Eustachio
  5952 | D:6      | Reached skill level 9 in Short Blades
  6018 | D:7      | Reached *** piety under Okawaru
  6019 | D:7      | Reached XP level 9. HP: 65/65 MP: 9/9
  6046 | D:7      | Found a flagged portal.
  6072 | Bailey   | Entered a bailey
  6374 | Bailey   | Found an iron altar of Okawaru.
  6579 | D:7      | Reached **** piety under Okawaru
  7042 | D:7      | Found a shadowy altar of Dithmenos.
  7212 | D:8      | Reached skill level 5 in Fighting
  7339 | D:8      | Reached skill level 10 in Short Blades
  7358 | D:8      | Reached XP level 10. HP: 74/74 MP: 10/10
  7658 | D:8      | Found a snail-covered altar of Cheibriados.
  7958 | D:8      | Found a staircase to the Lair.
  7973 | D:8      | Reached ***** piety under Okawaru
  7974 | D:8      | Reached skill level 5 in Stealth
  8220 | Lair:1   | Entered Level 1 of the Lair of Beasts
  8436 | Lair:1   | Noticed a cane toad
  8459 | Lair:1   | Killed a cane toad
  8484 | Lair:1   | Noticed a black mamba
  8489 | Lair:1   | Reached skill level 11 in Short Blades
  8495 | Lair:1   | Killed a black mamba
  8558 | Lair:1   | Reached skill level 5 in Armour
  8600 | Lair:1   | Received a gift from Okawaru
  8660 | Lair:1   | Noticed a cane toad
  8691 | Lair:1   | Killed a cane toad
  8736 | Lair:1   | Noticed a cane toad
  8753 | Lair:1   | Killed a cane toad
  8827 | Lair:1   | Identified the +3 rapier "Lezxecsu" {pain, *Noise rF+ Int+3
                  | Dex+4} (Okawaru gifted it to you on level 1 of the Lair of
                  | Beasts)
  8827 | Lair:1   | Received a gift from Okawaru
  8828 | Lair:1   | Reached XP level 11. HP: 82/82 MP: 7/11
  9110 | Lair:1   | Reached skill level 12 in Short Blades
  9110 | Lair:1   | Reached skill level 5 in Shields
  9592 | Lair:1   | Noticed a boulder beetle
  9675 | Lair:1   | Killed a boulder beetle
  9675 | Lair:1   | Received a gift from Okawaru
  9807 | Lair:1   | Reached ****** piety under Okawaru
 10267 | Lair:2   | Found a runed translucent gate.
 10267 | Lair:2   | Found a runed translucent gate.
 10267 | Lair:2   | Found a runed translucent gate.
 10268 | Lair:2   | Noticed Zapai's ghost (journeyman DgAr)
 10355 | Lair:2   | Found a staircase to the Shoals.
 10413 | Lair:2   | Found a staircase to the Snake Pit.
 10565 | Lair:2   | You fall into a shaft and drop 2 floors!
 11037 | Lair:2   | Found a snail-covered altar of Cheibriados.
 11141 | Lair:2   | Reached skill level 13 in Short Blades
 11211 | Lair:2   | Noticed a skyshark
 11232 | Lair:2   | Killed a skyshark
 11232 | Lair:2   | Identified the +2 buckler of Dim Light {+Blink rPois Int+4
                  | Dex-3} (Okawaru gifted it to you on level 2 of the Lair of
                  | Beasts)
 11232 | Lair:2   | Received a gift from Okawaru
 11965 | Lair:3   | Reached XP level 12. HP: 92/92 MP: 10/12
 12287 | Lair:3   | Noticed Nessos
 12289 | Lair:3   | Nessos changed into Nessos the two-headed ogre
 12289 | Lair:3   | Noticed Nessos
 12300 | Lair:3   | Killed Nessos the two-headed ogre
 12326 | Lair:3   | Noticed Gastronok
 12421 | Lair:3   | Killed Gastronok
 12482 | Lair:3   | Noticed a four-headed hydra
 12498 | Lair:3   | Killed a four-headed hydra
 12499 | Lair:3   | Reached skill level 14 in Short Blades
 13366 | Lair:3   | Identified the +0 pair of gloves of Giel {rC+ Regen+ MP+9
                  | Int-2 Dex+5} (Okawaru gifted it to you on level 3 of the
                  | Lair of Beasts)
 13366 | Lair:3   | Received a gift from Okawaru
 13575 | Lair:4   | Noticed a four-headed hydra
 13589 | Lair:4   | Killed a four-headed hydra
 14123 | Lair:4   | Reached XP level 13. HP: 101/101 MP: 13/13
 14455 | Lair:5   | Entered Level 5 of the Lair of Beasts
 14577 | Lair:5   | Found a viscous altar of Jiyva.
 14577 | Lair:5   | Found a staircase to the Slime Pits.
 15062 | Lair:5   | Identified the +5 great sword of Free Expression {heavy,
                  | Str+3 Dex+2 Stlth+} (Okawaru gifted it to you on level 5 of
                  | the Lair of Beasts)
 15062 | Lair:5   | Received a gift from Okawaru
 15178 | Lair:5   | Reached skill level 1 in Long Blades
 15178 | Lair:5   | Reached skill level 10 in Dodging
 15883 | Lair:5   | Received a gift from Okawaru
 15907 | Lair:5   | Reached skill level 10 in Fighting
 15991 | Lair:5   | Reached skill level 5 in Long Blades
 16338 | Lair:5   | Reached XP level 14. HP: 110/110 MP: 14/14
 16727 | Lair:5   | Received a gift from Okawaru
 17005 | Lair:5   | Identified the +3 shortbow "Z" {drain, *Slow rF+ rCorr
                  | Dex+2}
 17291 | D:9      | Noticed Maggie
 17299 | D:9      | Killed Maggie
 17387 | D:9      | Found a stormy altar of Qazlal.
 17389 | D:9      | Found a hide-covered altar of Uskayaw.
 17456 | D:9      | Found a staircase to the Orcish Mines.
 17547 | D:9      | Found the +2 ratskin cloak {*Rats rPois rN+ Str-1 Int-1
                  | Dex+1}
 17886 | D:9      | Identified the +0 robe of Bedazzled the Leaf {MP+9}
 17929 | D:9      | Found a burning altar of Makhleb.
 18033 | Orc:1    | Entered Level 1 of the Orcish Mines
 18115 | Orc:1    | Found Ozasmir's Overcharged Wands.
 18271 | Orc:2    | Entered Level 2 of the Orcish Mines
 18389 | Orc:1    | Received a gift from Okawaru
 18924 | Orc:2    | Noticed an orc warlord
 19080 | Orc:1    | Killed an orc warlord
 19231 | Orc:2    | Noticed an orc warlord
 19234 | Orc:2    | Found a staircase to the Elven Halls.
 19428 | Orc:2    | Found Xarpho's Assorted Antiques.
 19593 | Orc:2    | HP: 2/111 [orc high priest/divine providence (11)]
 19594 | Orc:2    | Slain by a sixfirhy

Illustrated notes

Levels and vault maps discovered:
D:1:      grunt_arrival_crossed_arrows, layout_basic
D:2:      layout_basic, serial_shops, shop
D:3:      layout_basic, trog_book, xom_butterflies, serial_shops,
          nicolae_shop_rolled_up, uniq_terence
D:4:      layout_basic, minmay_temple_entry_statues_fountains, uniq_ijyb
D:5:      layout_gridville, serial_bayou_pond_a, minmay_misc_feat_tower,
          minmay_shop_grid_forest, nrook_mini_vaults
D:6:      layout_basic, uniq_duvessa, uniq_eustachio
D:7:      layout_basic, mainiacjoe_overflow_24_doors, enter_bailey_5,
          minmay_misc_feat_rows, due_unseen_surprise
D:8:      layout_loops_corners, slow_altar_1, grunt_lair_entry_orc_guard_hut
D:9:      layout_roguey, bloody_makhleb, grunt_temple_overflow_open, erik_orc_4,
          uniq_maggie
Temple:   nicolae_temple_hex_pool
Lair:1:   layout_regular_city, minmay_shattered_shrine,
          infiniplex_staircase_pool, serial_bayou_shore_a
Lair:2:   layout_cellular_growth, shoals_dummy_entry,
          nicolae_snake_entry_squirm, gammafunk_ghost_ooze,
          kennysheep_snail_temple, serial_bayou_shore_b
Lair:3:   layout_small_grid, serial_bayou_pond_e, st_stairs_10, uniq_nessos,
          uniq_gastronok
Lair:4:   layout_gridlike, guppyfry_lair_drakes
Lair:5:   hangedman_lair_in_review, layout_layer_cave,
          hangedman_lair_caniforms_friends, slime_entry_1,
          grunt_forest_large_clearings
Orc:1:    layout_diamond_mine, nicolae_shop_overcharged_wands
Orc:2:    st_orc_congregation, layout_caves, serial_shops, shop

Skill      XL: |  1  2  3  4  5  6  7  8  9 10 11 12 13 14 |
---------------+-------------------------------------------+-----
Dodging        | 4 5 6 7 8 9 10 | 10.6
Short Blades   | 4 5 6 7 9 10 11 13 14 | 14.8
Fighting       | 2 3 4 5 6 7 9 10 | 10.6
Armour         | 1 2 3 4 5 6 8 9 |  9.8
Stealth        | 1 2 3 4 5 6 |  6.1
Shields        | 1 2 4 5 7 |  7.6
Long Blades    | 5 9 |  9.6
Throwing       | |  1.8
Evocations     | |  0.1

Action                     |  1- 3 |  4- 6 |  7- 9 | 10-12 | 13-15 || total
---------------------------+-------+-------+-------+-------+-------++-------
  Melee: Rapier            |   101 |   222 |   572 |  1342 |   302 ||  2539
         Bite              |     9 |    15 |    64 |   246 |   116 ||   450
         Great sword       |       |       |       |       |   522 ||   522
         Punch             |       |       |       |       |     1 ||     1
  Evoke: Wand              |       |     2 |     1 |     1 |       ||     4
    Use: Scroll            |     6 |     7 |    10 |    10 |     7 ||    40
         Potion            |     3 |       |       |     3 |     1 ||     7
   Stab: Distracted        |       |       |     4 |       |     2 ||     6
         Sleeping          |       |       |     1 |     1 |     7 ||     9
 Armour: Leather armour    |     8 |       |       |       |       ||     8
         Ring mail         |    17 |    47 |   198 |    21 |    99 ||   382
         Skin              |    28 |    36 |       |       |       ||    64
         Chain mail        |       |       |       |   348 |   510 ||   858
  Dodge: Dodged            |    57 |    71 |   325 |   399 |  1170 ||  2022
  Block: Buckler           |     9 |    27 |   140 |   258 |    54 ||   488
